 Dungeon Crawl Stone Soup version 0.20.1-1-g8b1a95d (webtiles) character file.

994 straycat the Ducker (level 7, 0/54 HPs)
             Began as a Vampire Wanderer on Dec 27, 2017.
             Slain by a wight
             ... wielding a +5 great sword
              (9 damage)
             ... on level 5 of the Dungeon on Dec 28, 2017.
             The game lasted 00:38:15 (5422 turns).

straycat the Ducker (Vampire Wanderer)              Turns: 5422, Time: 00:38:16

Health: 0/54       AC:  9    Str: 11    XL:     7   Next: 99%
Magic:  7/7        EV: 12    Int: 13    God:
Gold:   382        SH:  2    Dex: 20    Spells: 6/6 levels left

rFire    . . .     SeeInvis +   y - +0 rapier
rCold    . . .     Gourm    .   (no shield)
rNeg     + . .     Faith    .   a - +2 scale mail
rPois    .         Spirit   .   (no helmet)
rElec    .         Reflect  +   (no cloak)
rCorr    .         Harm     .   (no gloves)
MR       .....                  (no boots)
Stlth    ++........             x - +2 amulet of reflection
Regen    0.2/turn               d - +3 ring of dexterity
MPRegen  0.1/turn               (no ring)

@: no status effects
A: fangs 3, see invisible, unbreathing
a: Bat Form


You were on level 5 of the Dungeon.
You were not thirsty.

You visited 1 branch of the dungeon, and saw 6 of its levels.

You collected 382 gold pieces.

Inventory:

Hand Weapons
 n - a cursed -3 spear
 w - a +0 hunting sling
 y - a +0 rapier (weapon)
 z - a +2 dagger of venom
 A - a +0 antimagic dagger
 E - a +5 shortbow
Missiles
 j - 71 bolts
 l - 107 arrows
 t - 5 tomahawks (quivered)
 F - 9 poisoned needles
Armour
 a - a +2 scale mail (worn)
 I - a +0 shield
 J - a +2 robe of fire resistance
Jewellery
 d - a +3 ring of dexterity (left hand)
 q - an uncursed amulet of harm
 x - a +2 amulet of reflection (around neck)
Wands
 m - a wand of enslavement (8/24)
Scrolls
 c - 2 scrolls of teleportation
 i - a scroll of random uselessness {unknown}
 k - 3 scrolls of recharging {unknown}
 r - 3 scrolls of remove curse {unknown}
 s - a scroll of amnesia {unknown}
 v - a scroll of magic mapping {unknown}
 C - a scroll of immolation {unknown}
 H - a scroll of fear {unknown}
Potions
 b - a potion of lignification
 e - 15 potions of blood
 f - a potion of magic
 g - a potion of mutation
 o - 2 potions of resistance
 p - a potion of curing
 u - 2 potions of agility
 B - a potion of flight
 G - a potion of degeneration {unknown}
 L - a potion of heal wounds {unknown}


   Skills:
 - Level 4.2 Fighting
 + Level 4.6 Short Blades
   Level 1.0 Crossbows
 - Level 4.1 Armour
 * Level 6.0 Dodging
 + Level 5.9 Stealth
 - Level 1.0 Shields


You had 6 spell levels left.
You didn't know any spells.

Dungeon Overview and Level Annotations

Branches:
Dungeon (6/15)
 Temple: D:4-7

Altars:


Innate Abilities, Weirdness & Mutations

You have razor-sharp teeth.
You have supernaturally acute eyesight. (SInv)
You can survive without breathing.


Message History

Unknown command.
You closely miss the wight.
The wight is severely damaged.
The wight hits you with an enchanted great sword.
* * * LOW HITPOINT WARNING * * *
You hit the wight but do no damage.
The wight is severely damaged.
The wight barely misses you.
You closely miss the wight. You bite the wight.
The wight is almost destroyed.
The wight barely misses you.
You hit the wight.
The wight is almost destroyed.
You hit the wight.
The wight is almost destroyed.
The wight hits you with an enchanted great sword!
* * * LOW HITPOINT WARNING * * *
You feel better.
The wight hits you with an enchanted great sword!
You die...

...........#........)....#.......
#...##.....##........##..##..##..
#...##.....##........##..##..####
#...##...............#..<.'......
#...##.....##...##...#....#......
....##.....##...###+###.###.###..
#.%.##.....##...##..###.#######'#
#...##..................'....'...
#...##.....%...z@.......#....#...
................######..##..#....
#...........#...# ############
#...##.>....##### ....##.....##
#...##......# #...##......#
....##.....## .....#######


You could see a wight.

Vanquished Creatures
  A water moccasin (D:5)
  2 ogres
  A centaur (D:5)
  A wight (D:6)
  A bullfrog zombie (D:5)
  2 hounds
  2 orc priests (D:4)
  4 orc wizards
  Natasha (thrice) (D:3)
  2 worker ants
  9 adders
  3 river rats
  An ooze (D:2)
  4 worms
  2 dart slugs (D:1)
  4 leopard geckos
  9 orcs
  4 giant cockroaches
  7 goblins
  5 hobgoblins
  10 jackals
  A quokka (D:2)
  8 bats
  3 frilled lizards
  3 kobolds
  16 rats
108 creatures vanquished.

Notes
Turn   | Place    | Note
-------+----------+-------------------------------------------
     0 | D:1      | straycat the Vampire Wanderer began the quest for the Orb.
     0 | D:1      | straycat set off with: a +2 scale mail, a potion of lignification, a scroll of teleportation, a +0 dagger, a potion of blood
     0 | D:1      | Reached XP level 1. HP: 16/16 MP: 1/1
   197 | D:1      | Reached skill level 1 in Dodging
   197 | D:1      | Reached XP level 2. HP: 19/22 MP: 2/2
   796 | D:2      | Reached skill level 2 in Dodging
   888 | D:2      | Reached XP level 3. HP: 27/27 MP: 3/3
  1415 | D:2      | Reached skill level 3 in Dodging
  1415 | D:2      | Reached XP level 4. HP: 26/33 MP: 4/4
  2507 | D:3      | Found a glowing drain.
  2629 | D:2      | Reached XP level 5. HP: 32/39 MP: 5/5
  2689 | D:3      | Noticed Natasha
  2698 | D:3      | Killed Natasha
  2698 | D:3      | Reached skill level 1 in Short Blades
  2804 | D:3      | Noticed Natasha
  2943 | D:3      | Killed Natasha
  3165 | D:3      | Noticed Natasha
  3181 | D:3      | Killed Natasha
  3210 | D:3      | Reached XP level 6. HP: 31/47 MP: 6/6
  3599 | D:5      | Entered Level 5 of the Dungeon
  3745 | D:5      | Reached skill level 4 in Dodging
  3922 | D:5      | Reached XP level 7. HP: 32/54 MP: 7/7
  4008 | D:4      | Reached skill level 5 in Dodging
  4008 | D:4      | Reached skill level 5 in Stealth
  5367 | D:6      | Reached skill level 6 in Dodging
  5419 | D:5      | HP: 2/54 [wight/enchanted great sword (7)]
  5422 | D:5      | Slain by a wight

Skill      XL: |  1  2  3  4  5  6  7 |
---------------+----------------------+-----
Stealth        | 2 3 4 5 |  5.9
Fighting       | 2 3 4 |  4.2
Dodging        | 1 2 3 4 6 |  6.0
Short Blades   | 2 3 4 |  4.6
Crossbows      | |  1.0
Armour         | |  4.1
Shields        | |  1.0

Action                   |  1- 3 |  4- 6 |  7- 9 || total
-------------------------+-------+-------+-------++-------
Melee: Dagger            |   197 |    51 |       ||   248
       Bite              |    21 |    35 |    16 ||    72
       Rapier            |       |   246 |   107 ||   353
Throw: Tomahawk          |     9 |    18 |       ||    27
  Use: Potion            |     5 |     3 |     1 ||     9
       Scroll            |       |     7 |     1 ||     8
 Stab: Sleeping          |       |       |     2 ||     2
  Eat: Corpse            |     1 |    11 |     1 ||    13
Armor: Scale mail        |   129 |   148 |    42 ||   319
Dodge: Dodged            |   113 |   180 |    44 ||   337
Block: Other             |       |    14 |     6 ||    20
